 Dungeon Crawl Stone Soup version 0.29.1-1-gd02db6906a (webtiles) character file.

Game seed: 10744589221723921882

14972 WilliamBlazkowicz the Cleaver (level 11, 0/94 HPs)
             Began as a Minotaur Fighter on Sept 18, 2022.
             Was an Elder of Qazlal.
             Slain by a six-headed hydra (1 damage)
             ... on level 3 of the Lair of Beasts on Sept 19, 2022.
             The game lasted 01:13:54 (13770 turns).

WilliamBlazkowicz the Cleaver (Minotaur Fighter)   Turns: 13770, Time: 01:13:54

Health: 0/94       AC: 11    Str: 17    XL:     11   Next: 95%
Magic:  9/14       EV: 13    Int: 13    God:    Qazlal [****..]
Gold:   714        SH:  5    Dex: 12    Spells: 0/16 levels left

rFire   . . .      SeeInvis .   p - +3 club (spect)
rCold   . . .      Faith    +   f - orb {light}
rNeg    + + .      Spirit   .   j - +1 leather armour of the Original Sin {rElec rN++ Str-4}
rPois   .          Reflect  .   (helmet restricted)
rElec   +          Harm     .   (no cloak)
rCorr   .          Rampage  .   d - +2 pair of gloves of the Slightly Bent {+Blink}
Will    +....      Rage     3%  (no boots)
Stlth   +.........              h - amulet of faith
HPRegen 0.25/turn               e - ring of wizardry
MPRegen 0.14/turn               l - +6 ring of intelligence

@: protected from physical damage, glowing, repel missiles
A: horns 2, retaliatory headbutt, berserk 1, strong-willed 1
a: Renounce Religion, Evoke Blink, Upheaval, Elemental Force


You were on level 3 of the Lair of Beasts.
You worshipped Qazlal.
Qazlal was greatly pleased with you.
You visited 3 branches of the dungeon, and saw 14 of its levels.
You also visited: Sewer.

You collected 805 gold pieces.
You spent 91 gold pieces at shops.

Inventory:

Hand Weapons
 a - a +1 war axe
 p - a +3 spectral club (weapon)
 z - a +0 great sword
 B - a +0 giant club
 G - a +0 long sword
Missiles
 k - 5 curare-tipped darts
 s - 3 boomerangs (quivered)
 x - 2 atropa-tipped darts
Armour
 d - the +2 pair of gloves of the Slightly Bent (worn) {+Blink}
   (You found it on level 4 of the Dungeon)

   +Blink:    It lets you blink.
 f - an orb of light (worn)
 j - the +1 leather armour of the Original Sin (worn) {rElec rN++ Str-4}
   (You found it on level 4 of the Dungeon)

   Str:       It affects your strength (-4).
   rElec:     It insulates you from electricity.
   rN:        It greatly protects you from negative energy.
Jewellery
 e - a ring of wizardry (left hand)
 h - an amulet of faith (around neck)
 l - a +6 ring of intelligence (right hand)
 r - a ring of magical power
 t - a ring of protection from cold
 v - a +4 ring of protection
 y - a ring of fire
 E - a ring of magical power
Wands
 g - a wand of flame (21)
Scrolls
 c - 2 scrolls of immolation
 i - 2 scrolls of vulnerability
 m - 8 scrolls of teleportation
 w - 2 scrolls of fog
 F - a scroll of fear
Potions
 b - a potion of resistance
 n - 3 potions of mutation
 o - a potion of might
 u - 3 potions of brilliance
 H - a potion of haste {unknown}
 I - a potion of attraction {unknown}
Miscellaneous
 A - a lightning rod (inert)
 C - a condenser vane (inert)


   Skills:
 * Level 8.0 Fighting
 * Level 9.2(9.8) Axes
 * Level 5.2(7.9) Maces & Flails
 * Level 4.7 Throwing
 * Level 7.2 Armour
 * Level 6.1 Dodging
 * Level 4.6 Stealth
 * Level 7.4 Shields
 * Level 3.1 Spellcasting
 * Level 3.3 Conjurations
 * Level 2.5 Summonings
 * Level 3.6 Earth Magic
 * Level 4.6 Invocations
 * Level 4.5 Evocations


You couldn't memorise any spells.
You knew the following spells:

 Your Spells              Type           Power      Damage    Failure   Level
a - Sandblast             Erth           22%        2d7       2%          1
b - Stone Arrow           Conj/Erth      22%        3d8       8%          3
c - Animate Armour        Summ/Erth      20%        N/A       28%         4
d - Lehudib's Crystal Sp  Conj/Erth      5%         10d3      100%        8

Your spell library contained the following spells:

 Spells                   Type           Power      Damage    Failure   Level
 Passwall                 Tmut/Erth      5%         N/A       8%          2


Dungeon Overview and Level Annotations

Branches:
Dungeon (10/15)            Temple (1/1) D:4            Lair (3/5) D:9
 Spider (0/4) Lair:2        Sewer (visited)
  Swamp: Lair:2-3    Shoals: Lair:2-3       Orc: D:9-12

Altars:
Ashenzari
Cheibriados
Dithmenos
Elyvilon
Fedhas
Gozag
Hepliaklqana
Kikubaaqudgha
Makhleb
Nemelex Xobeh
Okawaru
Qazlal
Ru
Sif Muna
Trog
Uskayaw
Vehumet
Wu Jian
Xom
Yredelemnul
Zin
The Shining One

Shops:
D:2 (   D:9 *

Annotations:
D:7 3 runed translucent doors, Strat's ghost, novice VSGl


Innate Abilities, Weirdness & Mutations

You have a pair of horns on your head.
You reflexively headbutt those who attack you in melee.
You sometimes lose your temper in combat.
You are strong-willed. (Will+)


Message History

You block the six-headed hydra's attack.
The six-headed hydra bites you.
Activating: Elemental Force (13% risk of failure)
Press: ? - help, Dir - look around, f - activate Look: a six-headed hydra (lightly wounded, haloed) Clouds arounds you coalesce and take form!
You can no longer call upon nature's wrath in a wide area around you.
The six-headed hydra bites you. The six-headed hydra misses you.
The six-headed hydra bites you but does no damage.
The six-headed hydra bites you!
* * * LOW HITPOINT WARNING * * *
The six-headed hydra bites you but does no damage.
The six-headed hydra bites you!
* * * LOW HITPOINT WARNING * * *
Your air elemental hits the six-headed hydra!
You feel better.
Your air elemental hits the six-headed hydra!
Your air elemental hits the six-headed hydra.
The six-headed hydra completely misses you.
The six-headed hydra bites you but does no damage.
The six-headed hydra closely misses you.
The six-headed hydra bites you but does no damage. x2
The six-headed hydra bites you!
* * * LOW HITPOINT WARNING * * *
Your air elemental hits the six-headed hydra!
You hit the six-headed hydra but do no damage.
You headbutt the six-headed hydra.
The six-headed hydra is heavily wounded.
Your +3 spectral club completely misses the six-headed hydra.
Your air elemental hits the six-headed hydra!
The six-headed hydra is struck by lightning.
The six-headed hydra bites you but does no damage.
The six-headed hydra closely misses you.
The six-headed hydra bites you but does no damage.
The six-headed hydra bites you.
* * * LOW HITPOINT WARNING * * *
The six-headed hydra bites you!
* * * LOW HITPOINT WARNING * * *
The six-headed hydra bites you.
You die...

#.....# #.######
....#.. .#
......#......#
#....#.
..##.....##.....+
...#..
........#P.....#
...#. .......#......#
+ #............##...
...#..○..###.........
.......E..PP.#.###...
.......D@............
.......☼(.☼..........
.#####P.##.#.##P##.#
######### ## #


You could see a six-headed hydra (ally target), a friendly air elemental
(summoned) and a friendly +3 spectral club (summoned).

Vanquished Creatures
  A hydra (Lair:2)
  A two-headed ogre (D:10)
  A boulder beetle (Lair:2)
  An ugly thing (D:8)
  5 cane toads
  A rime drake (Lair:1)
  3 komodo dragons
  A troll (D:8)
  The ghost of Mesogog the Poker, an amateur MiFi of Gozag (D:5)
  A meliai (Lair:2)
  8 blink frogs
  Grinder (D:5)
  Prince Ribbit (D:8)
  Sigmund (D:5)
  A wyvern (Lair:2)
  Eustachio (D:4)
  2 basilisks (Lair:3)
  16 yaks
  Menkaure (D:7)
  An acid dragon (D:6)
  3 water moccasins
  Duvessa (D:4)
  An orc warrior (D:6)
  An ice beast (D:5)
  5 black bears
  A sky beast (D:7)
  3 centaurs
  3 ogres
  2 phantoms
  2 kobold brigands
  11 bullfrogs
  A necrophage (D:6)
  5 scorpions
  4 wights (D:8)
  Dowan (D:4)
  11 killer bees
  A howler monkey (D:9)
  7 orc priests
  2 hounds
  A jelly (D:5)
  Ijyb (D:5)
  Terence (D:3)
  8 orc wizards
  Natasha (D:3)
  11 adders
  5 gnolls
  2 white imps
  4 ufetubi
  3 worms
  3 dart slugs
  19 orcs
  5 bats
  4 endoplasms
  20 giant cockroaches
  7 goblins
  5 hobgoblins
  6 jackals (D:1)
  17 kobolds
  12 quokkas
  14 ball pythons
  13 frilled lizards
  2 rats
278 creatures vanquished.

Vanquished Creatures (others)
  10 fungi
  13 plants
23 creatures vanquished.

Grand Total: 301 creatures vanquished

Notes
Turn   | Place    | Note
-------+----------+-------------------------------------------
     0 | D:1      | WilliamBlazkowicz the Minotaur Fighter began the quest for
                  | the Orb.
     0 | D:1      | Reached XP level 1. HP: 19/19 MP: 0/0
   118 | D:2      | Reached XP level 2. HP: 26/27 MP: 1/1
   194 | D:2      | Reached XP level 3. HP: 27/33 MP: 2/2
   266 | D:3      | Reached skill level 3 in Axes
   284 | D:3      | Reached skill level 1 in Dodging
   284 | D:3      | Reached XP level 4. HP: 26/40 MP: 3/3
   334 | D:3      | Found an opulent altar of Gozag.
   408 | D:4      | Reached skill level 1 in Stealth
   415 | D:4      | Identified the +1 leather armour of the Original Sin {rElec
                  | rN++ Str-4}
   438 | D:4      | Noticed Eustachio
   455 | D:4      | Killed Eustachio
   456 | D:4      | Reached skill level 4 in Axes
   456 | D:4      | Reached skill level 1 in Evocations
   456 | D:4      | Reached XP level 5. HP: 5/47 MP: 2/4
   882 | D:3      | You fall into a shaft and drop 1 floor!
   928 | D:4      | Identified the +2 pair of gloves of the Slightly Bent
                  | {+Blink}
   958 | D:4      | Reached XP level 6. HP: 53/53 MP: 5/5
  1143 | D:4      | Found a staircase to the Ecumenical Temple.
  1158 | Temple   | Entered the Ecumenical Temple
  1181 | Temple   | Became a worshipper of Qazlal Stormbringer
  1241 | D:4      | Noticed Duvessa
  1243 | D:4      | Noticed Dowan
  1253 | D:3      | Reached skill level 5 in Axes
  1396 | D:4      | Killed Duvessa
  1400 | D:4      | Killed Dowan
  1401 | D:4      | Reached skill level 5 in Fighting
  1401 | D:4      | Reached XP level 7. HP: 23/61 MP: 3/6
  1971 | D:3      | Noticed Terence
  1980 | D:3      | Killed Terence
  2169 | D:3      | Noticed Natasha
  2173 | D:3      | Killed Natasha
  2174 | D:3      | Reached skill level 6 in Axes
  2526 | D:2      | Learned a level 1 spell: Sandblast
  2530 | D:2      | Learned a level 3 spell: Stone Arrow
  2530 | D:2      | Found Dynymih's Antique Weapon Boutique.
  2551 | D:2      | Found a faded altar of an unknown god.
  2690 | D:2      | Reached * piety under Qazlal
  3055 | D:1      | Found a shimmering altar of Xom.
  3169 | D:1      | Reached skill level 5 in Armour
  3263 | D:1      | Reached ** piety under Qazlal
  3716 | D:5      | Entered Level 5 of the Dungeon
  3874 | D:5      | Reached skill level 1 in Invocations
  3874 | D:5      | Reached XP level 8. HP: 55/69 MP: 1/7
  3903 | D:5      | Reached skill level 5 in Shields
  3911 | D:5      | Reached skill level 1 in Throwing
  3920 | D:5      | Found a runed translucent door.
  4015 | D:5      | Reached skill level 1 in Earth Magic
  4237 | D:5      | Noticed Mesogog's ghost (amateur MiFi)
  4297 | D:5      | Noticed Grinder
  4328 | D:5      | Killed Grinder
  4329 | D:5      | Reached skill level 7 in Axes
  4329 | D:5      | Reached skill level 1 in Conjurations
  4375 | D:5      | Reached skill level 1 in Spellcasting
  4474 | D:5      | Noticed Ijyb
  4479 | D:5      | Noticed Sigmund
  4483 | D:5      | Killed Ijyb
  4489 | D:5      | Killed Sigmund
  4801 | D:5      | Killed Mesogog's ghost
  4878 | D:6      | Reached XP level 9. HP: 73/75 MP: 9/9
  4905 | D:6      | Found a glowing drain.
  4943 | Sewer    | Entered a sewer
  4995 | Sewer    | Reached *** piety under Qazlal
  5255 | D:6      | Reached **** piety under Qazlal
  5256 | D:6      | Reached skill level 1 in Maces & Flails
  5457 | D:6      | Found a sparkling altar of Nemelex Xobeh.
  5515 | D:6      | Reached skill level 8 in Axes
  5519 | D:6      | HP: 1/75 [something/puff of flame (8)]
  5970 | D:6      | Learned a level 4 spell: Animate Armour
  6480 | D:7      | Noticed Menkaure
  6482 | D:7      | Killed Menkaure
  6658 | D:7      | Noticed Strat's ghost (novice VSGl)
  6834 | D:7      | Found a runed translucent gate.
  6835 | D:7      | Found a runed translucent gate.
  6836 | D:7      | Found a runed translucent gate.
  7184 | D:8      | Noticed Prince Ribbit
  7188 | D:8      | Killed Prince Ribbit
  7189 | D:8      | Reached XP level 10. HP: 84/84 MP: 8/12
  7428 | D:8      | Reached skill level 1 in Summonings
  7597 | D:8      | Found a shadowy altar of Dithmenos.
  7681 | D:8      | Reached ***** piety under Qazlal
  8136 | D:9      | Noticed a brown ugly thing
  8225 | D:8      | Killed a brown ugly thing
  8695 | D:9      | Gained mutation: You are strong-willed. (Will+) [potion of
                  | mutation]
  8695 | D:9      | Gained mutation: You sometimes lose your temper in combat.
                  | [potion of mutation]
  9035 | D:9      | Found a broken altar of Ashenzari.
  9134 | D:9      | You fall into a shaft and drop 1 floor!
  9134 | D:10     | Entered Level 10 of the Dungeon
  9166 | D:10     | Noticed a two-headed ogre
  9181 | D:10     | Killed a two-headed ogre
  9632 | D:9      | Found Ecoa's Island Escapes.
  9678 | D:9      | Found a staircase to the Lair.
  9891 | D:9      | Found a burning altar of Makhleb.
  9996 | D:9      | Bought a scroll of fog for 52 gold pieces
  9996 | D:9      | Bought a scroll of teleportation for 39 gold pieces
 10044 | Lair:1   | Entered Level 1 of the Lair of Beasts
 10176 | Lair:1   | Noticed a cane toad
 10195 | Lair:1   | Killed a cane toad
 10196 | Lair:1   | Reached skill level 5 in Dodging
 10433 | Lair:1   | Reached XP level 11. HP: 67/92 MP: 13/13
 11750 | Lair:2   | Noticed a boulder beetle
 11813 | Lair:2   | Killed a boulder beetle
 11814 | Lair:2   | Reached skill level 9 in Axes
 12207 | Lair:2   | Learned a level 8 spell: Lehudib's Crystal Spear
 12976 | Lair:2   | Noticed a four-headed hydra
 12985 | Lair:2   | Killed a four-headed hydra
 12986 | Lair:2   | Reached skill level 5 in Maces & Flails
 13193 | Lair:2   | Found a hole to the Spider Nest.
 13391 | Lair:2   | You fall into a shaft and drop 1 floor!
 13566 | Lair:3   | Noticed a six-headed hydra
 13770 | Lair:3   | HP: 1/94 [six-headed hydra (11)]
 13770 | Lair:3   | Slain by a six-headed hydra

Illustrated notes

Levels and vault maps discovered:
D:1:      dpeg_arrival_arbitrary_b, layout_loops_ring, minmay_hexomino_r4
D:2:      layout_basic, serial_shops, shop, hellmonk_ecumenical_altar_run_dry
D:3:      layout_basic, grunt_gozag_breadcrumbs, uniq_natasha, uniq_terence
D:4:      minmay_spotlight, layout_rooms, temple_statues, nrook_campfire,
          minmay_starry_boxes, uniq_duvessa, uniq_eustachio
D:5:      layout_basic, ebering_ghost_reflecting_pool,
          hangedman_abyss_or_decor_passed, amcnicky_mini_corridor_feature,
          uniq_ijyb, uniq_grinder, uniq_sigmund
D:6:      layout_basic, lemuel_round_altar, gup_sewer_entry_pipe,
          minmay_misc_feat_more_columns
D:7:      layout_cave_pools, gammafunk_ghost_icy, uniq_menkaure
D:8:      layout_basic, nicolae_dithmenos_through_a_glass_darkly,
          hangedman_abyss_or_decor_stagger, uniq_prince_ribbit1
D:9:      layout_rooms, mainiacjoe_overflow_surrounded_room, lemuel_round_altar,
          lair_entry_dummy, nicolae_island_escapes
D:10:     layout_loops_cross, uniq_fannar
Temple:   sentei_temple_godly_chess
Lair:1:   layout_regular_city, infiniplex_staircase_pool
Lair:2:   layout_cave_pods, hellmonk_spider_entry_not_the_bees,
          cheibrodos_lair_caveside_slide
Lair:3:   layout_regular_city, minmay_shoals_entry_lonely_mermaid

Skill      XL: |  1  2  3  4  5  6  7  8  9 10 11 |
---------------+----------------------------------+-----
Armour         | 4 5 6 7 |  7.2
Fighting       | 4 5 6 7 8 |  8.0
Axes           | 3 4 5 6 7 8 9 |  9.2
Dodging        | 1 2 3 5 6 |  6.1
Shields        | 4 5 6 7 |  7.4
Stealth        | 1 2 3 4 |  4.6
Evocations     | 1 2 3 4 |  4.5
Invocations    | 1 2 3 4 |  4.6
Throwing       | 2 3 4 |  4.7
Earth Magic    | 1 2 3 |  3.6
Conjurations   | 1 2 3 |  3.3
Spellcasting   | 1 2 3 |  3.1
Maces & Flails | 2 3 5 |  5.2
Summonings     | 1 2 |  2.5

Action                   |  1- 3 |  4- 6 |  7- 9 | 10-12 || total
-------------------------+-------+-------+-------+-------++-------
Melee: War axe           |    38 |    68 |   129 |       ||   235
       Headbutt          |     3 |    12 |    54 |    64 ||   133
       Club              |       |       |    91 |   168 ||   259
Throw: Dart              |       |       |     5 |    13 ||    18
       Boomerang         |       |       |    29 |    27 ||    56
 Cast: Sandblast         |       |       |    12 |     1 ||    13
       Stone Arrow       |       |       |    27 |     6 ||    33
       Animate Armour    |       |       |       |     1 ||     1
Invok: Upheaval          |       |       |     2 |     4 ||     6
       Elemental Force   |       |       |       |     1 ||     1
Evoke: Wand              |     3 |       |    24 |    14 ||    41
       Lightning rod     |       |       |     3 |     8 ||    11
       Condenser vane    |       |       |       |     2 ||     2
  Use: Scroll            |     1 |     1 |    11 |     7 ||    20
       Potion            |       |     2 |     5 |    12 ||    19
 Stab: Distracted        |       |       |       |     1 ||     1
Armor: Scale mail        |    22 |     1 |       |       ||    23
       Leather armour    |       |    28 |    75 |    67 ||   170
Dodge: Dodged            |    26 |    53 |   161 |   147 ||   387
       Repelled          |       |       |     1 |     3 ||     4
Block: Orb               |       |       |    30 |    61 ||    91
